 Dungeon Crawl Stone Soup version 0.26-a0-844-g3dd439832f (webtiles) character file.

Game seed: 12365522951373452421

171 robertstho the Ruffian (level 5, 0/53 HPs)
             Began as a Troll Monk on Nov 18, 2020.
             Killed by divine providence
             ... invoked by an orc priest
              (10 damage)
             ... on level 3 of the Dungeon.
             The game lasted 00:01:48 (1367 turns).

robertstho the Ruffian (Troll Monk)                 Turns: 1367, Time: 00:01:49

Health: 0/53       AC:  6    Str: 20    XL:     5   Next: 26%
Magic:  4/4        EV: 10    Int:  6    God:
Gold:   109        SH:  0    Dex: 12    Spells: 4/4 levels left

rFire    . . .     SeeInvis .     - Unarmed
rCold    . . .     Faith    .   (no shield)
rNeg     . . .     Spirit   .   a - +0 robe
rPois    .         Reflect  .   (helmet restricted)
rElec    .         Harm     .   (no cloak)
rCorr    +         Rampage  .   (gloves unavailable)
MR       .....                  (boots unavailable)
Stlth    ++........             (no amulet)
HPRegen  0.57/turn              i - ring of resist corrosion
MPRegen  0.09/turn              j - +4 ring of slaying

@: no status effects
A: large, unfitting armour, claws 3, regeneration 1, shaggy fur 1, tough skin 3
a: no special abilities


You were on level 3 of the Dungeon.
You visited 1 branch of the dungeon, and saw 3 of its levels.

You collected 109 gold pieces.

Inventory:

Armour
 a - a +0 robe (worn)
Jewellery
 i - a ring of resist corrosion (left claw)
 j - a +4 ring of slaying (right claw)
Scrolls
 b - a scroll of magic mapping {unknown}
 d - 3 scrolls of identify {unknown}
 f - 2 scrolls of amnesia {unknown}
 g - 2 scrolls of teleportation {unknown}
 h - a scroll of enchant armour {unknown}
 k - a scroll of fear {unknown}
Potions
 c - a potion of flight {unknown}
 e - a potion of curing {unknown}
 l - a potion of heal wounds {unknown}


   Skills:
 * Level 3.0 Fighting
 + Level 2.7 Dodging
 + Level 1.3 Stealth
 * Level 5.1 Unarmed Combat


You had 4 spell levels left.
You didn't know any spells.
Your spell library was empty.

Dungeon Overview and Level Annotations

Branches:
Dungeon (3/15)

Altars:


Innate Abilities, Weirdness & Mutations

You are too large for most types of armour.
You have claws for hands.
Your natural rate of healing is unusually fast.
You are covered in fur. (AC +1)
You have extremely tough skin. (AC +3)


Message History

You barely miss the orc.
The orc is severely wounded.
The orc hits you with a +0 trident.
You barely miss the orc. You claw the orc.
You kill the orc!
You claw the orc priest!
The orc priest is heavily wounded.
The orc priest mumbles some strange prayers to Beogh against you.
Beogh smites you!
* * * LOW HITPOINT WARNING * * *
You barely miss the orc priest.
The orc priest is heavily wounded.
The orc priest misses you.
You claw the orc priest!
You kill the orc priest!
Your Unarmed Combat skill increases to level 5!
You closely miss the rat.
The orc priest calls down the wrath of Beogh upon you.
Beogh smites you!
You die...

## #.####...[.####.#
#...............##
######.#########.########
#.# #.......... #.#
##.######## #.# #.# #.#
#.# #.#########.#
.##..or@.†.# #.########


You could see an orc priest and a rat.

Vanquished Creatures
  An orc priest (D:3)
  An orc wizard (D:3)
  4 adders
  An ooze (D:2)
  3 worms (D:2)
  2 dart slugs
  3 leopard geckos
  3 orcs (D:3)
  4 giant cockroaches
  5 goblins
  6 hobgoblins
  2 jackals (D:2)
  2 quokkas
  A ball python (D:3)
  2 bats
  6 frilled lizards
  6 kobolds
  5 rats
57 creatures vanquished.

Notes
Turn   | Place    | Note
-------+----------+-------------------------------------------
     0 | D:1      | robertstho the Troll Monk began the quest for the Orb.
     0 | D:1      | Reached XP level 1. HP: 22/22 MP: 0/0
   115 | D:1      | Reached XP level 2. HP: 29/29 MP: 1/1
   723 | D:2      | Reached XP level 3. HP: 32/36 MP: 2/2
   794 | D:2      | Reached skill level 4 in Unarmed Combat
  1001 | D:2      | Reached XP level 4. HP: 44/44 MP: 3/3
  1359 | D:3      | Reached XP level 5. HP: 21/53 MP: 4/4
  1367 | D:3      | Reached skill level 5 in Unarmed Combat
  1367 | D:3      | Killed from afar by an orc priest

Illustrated notes

Levels and vault maps discovered:
D:1:      tarquinn_simple_flora_water_c, layout_basic, minmay_misc_feat_plants,
          moated_statue, minmay_tiny_reverse_x
D:2:      layout_loops_cross, minivault_26
D:3:      layout_loops_ring, uniq_grinder

Skill      XL: |  1  2  3  4  5 |
---------------+----------------+-----
Unarmed Combat | 4 5 |  5.1
Fighting       | 3 |  3.0
Dodging        | |  2.7
Stealth        | |  1.3

Action                   |  1- 3 |  4- 6 || total
-------------------------+-------+-------++-------
Melee: Unarmed           |    78 |    56 ||   134
       Punch             |       |     3 ||     3
 Stab: Sleeping          |     2 |     2 ||     4
Armor: Robe              |    20 |    14 ||    34
Dodge: Dodged            |    28 |    23 ||    51

Table legend: (Time is in decaauts)
 A = Elapsed time spent in this place.
 B = Non-inter-level travel time spent in this place.
 C = Inter-level travel time spent in this place.
 D = Time resting spent in this place.
 E = Time spent auto-exploring this place.
 F = Levels seen in this place.
 G = Mean time per level.
                   A        B        C        D        E       F      G
               +--------+--------+--------+--------+--------+-----+--------+
         Total |   1357 |   1314 |     43 |      0 |   1014 |   3 |  452.3 |
       Dungeon |   1357 |   1314 |     43 |      0 |   1014 |   3 |  452.3 |
               +--------+--------+--------+--------+--------+-----+--------+

Top non-repeatable levels by time:
     D:1: 582 daAuts
     D:2: 574 daAuts
     D:3: 200 daAuts
